 Dungeon Crawl Stone Soup version 0.29-a0-380-gf50f0a9fbc (webtiles) character file.

Game seed: 16004281365705739644

55 Antichthon the Bolt Thrower (level 4, -4/35 HPs)
             Began as a Formicid Abyssal Knight on May 5, 2022.
             Was a Priest of Lugonu.
             Slain by a gnoll
             ... wielding a +0 spear
              (7 damage)
             ... on level 2 of the Dungeon.
             The game lasted 00:01:42 (1176 turns).

Antichthon the Bolt Thrower (FoAK)                  Turns: 1176, Time: 00:01:43

Health: -4/35      AC:  8    Str: 17    XL:     4   Next: 14%
Magic:  5/5        EV:  7    Int: 10    God:    Lugonu [***...]
Gold:   85         SH:  0    Dex: 13    Spells: 3/3 levels left

rFire   . . .      SeeInvis +   a - +1 hand axe
rCold   . . .      Faith    .   (no shield)
rNeg    . . .      Spirit   .   d - +0 chain mail
rPois   .          Reflect  .   (helmet unavailable)
rElec   .          Harm     .   (no cloak)
rCorr   .          Rampage  .   (no gloves)
Will    .....                   (no boots)
Stlth   ..........              (no amulet)
HPRegen 0.11/turn               (no ring)
MPRegen 0.09/turn               (no ring)

@: no status effects
A: permanent stasis, dig shafts and tunnels, antennae 3, four strong arms
a: Dig, Shaft Self, Renounce Religion, Depart the Abyss, Bend Space, Banish


You were on level 2 of the Dungeon.
You worshipped Lugonu.
Lugonu was most pleased with you.
You visited 1 branch of the dungeon, and saw 2 of its levels.
You visited the Abyss 1 time.

You collected 85 gold pieces.

Inventory:

Hand Weapons
 a - a +1 hand axe (weapon)
Armour
 b - a +0 leather armour
 d - a +0 chain mail (worn)
Scrolls
 f - 2 scrolls of teleportation {unknown}
 h - a scroll of enchant weapon {unknown}
 i - 2 scrolls of enchant armour {unknown}
 j - a scroll of identify {unknown}
 l - a scroll of immolation {unknown}
Potions
 c - 3 potions of curing {unknown}
 e - a potion of lignification {unknown}
 g - 2 potions of attraction {unknown}
 k - a potion of ambrosia {unknown}


   Skills:
 - Level 3.2 Fighting
 - Level 2.0 Axes
 * Level 3.4 Crossbows
 - Level 2.1 Armour
 - Level 0.8 Dodging
 - Level 2.1 Invocations


You had 3 spell levels left.
You didn't know any spells.
Your spell library contained the following spells:

 Spells                   Type           Power      Damage    Failure   Level
 Magic Dart               Conj           0%         1d3       99%         1
 Call Imp                 Summ           0%         N/A       100%        2
 Mephitic Cloud           Conj/Pois/Air  0%         N/A       100%        3


Dungeon Overview and Level Annotations

Branches:
Dungeon (2/15)

Altars:


Innate Abilities, Weirdness & Mutations

You cannot be hasted, slowed, berserked, paralysed or teleported.
You can dig through walls and to a lower floor.
You have a pair of large antennae on your head. (SInv)
Your four strong arms can wield two-handed weapons with a shield.


Message History

The rat closely misses you. The gnoll hits you but does no damage.
The rat attacks as you move away! The rat barely misses you.
The gnoll hits you with a +0 spear! The gnoll hits you with a +0 club!
The gnoll hits you but does no damage.
An adder comes into view.
Unknown command.
The adder hisses angrily.
You hit the gnoll.
The gnoll is heavily wounded.
You hit the gnoll but do no damage. You closely miss the rat.
You hit the gnoll but do no damage. The gnoll hits you with a +0 flail!
The rat bites you but does no damage. The gnoll hits you but does no damage.
The gnoll closely misses you.
You hit the gnoll.
The gnoll is severely wounded.
You hit the gnoll. You hit the rat but do no damage.
You closely miss the gnoll.
A gnoll comes into view. It is wielding a +0 spear.
The rat bites you but does no damage. The gnoll completely misses you.
The gnoll hits you with a +0 club. The gnoll hits you but does no damage.
The gnoll shouts!
You hit the gnoll but do no damage.
The gnoll is severely wounded.
You hit the gnoll. You hit the rat but do no damage.
You hit the gnoll but do no damage. The gnoll hits you but does no damage.
The rat barely misses you. The gnoll hits you but does no damage.
The gnoll hits you with a +0 club.
* * * LOW HITPOINT WARNING * * *
The gnoll closely misses you. The gnoll hits you but does no damage.
The gnoll hits you with a +0 club.
* * * LOW HITPOINT WARNING * * *
The rat bites you but does no damage.
Unknown command.
Okay, then.
You fail to use your ability.
The gnoll hits you from afar with a +0 spear.
* * * LOW HITPOINT WARNING * * *
The rat bites you but does no damage. The gnoll hits you but does no damage.
The gnoll hits you with a +0 spear!
You die...

##### #.#......
#........
######........
#.........#...
#...†.....##..
##.............
#..........###
#..........#
#.....r@gg.#
........Sgg..#
####...........#
#.........###
.............
#.........#####
#........##
........#


You could see 4 gnolls, an adder and a rat.

Vanquished Creatures
  2 adders (D:2)
  A worm (D:2)
  3 dart slugs (D:1)
  2 endoplasms (D:1)
  3 goblins (D:1)
  3 hobgoblins
  A kobold (D:1)
  A quokka (D:1)
  5 ball pythons
  5 bats
  3 rats (D:1)
29 creatures vanquished.

Notes
Turn   | Place    | Note
-------+----------+-------------------------------------------
     0 | Abyss:1  | Antichthon the Formicid Abyssal Knight began the quest for
                  | the Orb.
     0 | Abyss:1  | Reached XP level 1. HP: 18/18 MP: 2/2
     5 | D:1      | Escaped the Abyss
   130 | D:1      | Found a faded altar of an unknown god.
   140 | D:1      | Reached skill level 1 in Crossbows
   145 | D:1      | Reached XP level 2. HP: 15/24 MP: 3/3
   581 | D:1      | Reached XP level 3. HP: 29/29 MP: 4/4
   893 | D:2      | Reached *** piety under Lugonu
   906 | D:2      | Reached XP level 4. HP: 12/35 MP: 5/5
  1176 | D:2      | Slain by a gnoll

Illustrated notes

Levels and vault maps discovered:
D:1:      giann_forest_graveyard, layout_rooms, basic_ecumenical_altar
D:2:      layout_rooms

Skill      XL: |  1  2  3 |
---------------+----------+-----
Crossbows      | 1 2 3 |  3.4
Fighting       | |  3.2
Axes           | |  2.0
Armour         | |  2.1
Dodging        | |  0.8
Invocations    | |  2.1

Action                   |  1- 3 |  4- 6 || total
-------------------------+-------+-------++-------
Melee: Hand axe          |    78 |     4 ||    82
Armor: Chain mail        |    62 |    14 ||    76
Dodge: Dodged            |    50 |     6 ||    56

Table legend: (Time is in decaauts)
 A = Elapsed time spent in this place.
 B = Non-inter-level travel time spent in this place.
 C = Inter-level travel time spent in this place.
 D = Time resting spent in this place.
 E = Time spent auto-exploring this place.
 F = Levels seen in this place.
 G = Mean time per level.
                   A        B        C        D        E       F      G
               +--------+--------+--------+--------+--------+-----+--------+
         Total |   1192 |   1178 |     14 |      0 |    923 |   3 |  397.3 |
       Dungeon |   1187 |   1173 |     14 |      0 |    923 |   2 |  593.5 |
         Abyss |      5 |      5 |      0 |      0 |      0 |   1 |    5.0 |
               +--------+--------+--------+--------+--------+-----+--------+

Top non-repeatable levels by time:
     D:1: 876 daAuts
     D:2: 310 daAuts
 Abyss:1: 5 daAuts
